 Dungeon Crawl Stone Soup version 0.28.0-43-g3370ac3207 (webtiles) character file.

Game seed: 6174555790007937365

55 pkoi the Insei (level 3, 0/33 HPs)
             Began as a Draconian Monk on Mar 18, 2022.
             Succumbed to an adder's poison
             ... on level 2 of the Dungeon.
             The game lasted 00:01:45 (1863 turns).

pkoi the Insei (Draconian Monk)                     Turns: 1863, Time: 00:01:46

Health: 0/33       AC:  5    Str: 13    XL:     3   Next: 67%
Magic:  3/3        EV: 12    Int: 12    God:
Gold:   51         SH:  0    Dex: 13    Spells: 2/2 levels left

rFire   + . .      SeeInvis .     - Unarmed
rCold   . . .      Faith    .   (no shield)
rNeg    . . .      Spirit   .   (armour unavailable)
rPois   .          Reflect  .   (helmet restricted)
rElec   .          Harm     .   (no cloak)
rCorr   .          Rampage  .   (no gloves)
Will    .....                   (no boots)
Stlth   ++........              (no amulet)
HPRegen 0.11/turn               (no ring)
MPRegen 0.08/turn               (no ring)

@: lethally poisoned (0 -> -2)
A: AC +5, unfitting armour, cold-blooded, fire resistance 1, sense surroundings
2, MP-powered wands
a: no special abilities


You were on level 2 of the Dungeon.
You visited 1 branch of the dungeon, and saw 2 of its levels.

You collected 51 gold pieces.

Inventory:

Hand Weapons
 e - a +0 hunting sling
Missiles
 j - 35 stones (quivered)
Scrolls
 g - a scroll of teleportation
Potions
 a - a potion of might


   Skills:
 + Level 4.0 Fighting
 - Level 2.6 Dodging
 - Level 1.7 Stealth
 * Level 4.2 Unarmed Combat


You had 2 spell levels left.
You didn't know any spells.
Your spell library was empty.

Dungeon Overview and Level Annotations

Branches:
Dungeon (2/15)

Altars:


Innate Abilities, Weirdness & Mutations

Your plain brown scales are hard. (AC +5)
You cannot fit into any form of body armour.
You are cold-blooded and may be slowed by cold attacks.
Your flesh is heat resistant. (rF+)
You passively map the area around you.
You expend magic power (3 MP) to strengthen your wands.


Message History

The adder poisons you! The goblin hits you but does no damage.
The adder closely misses you.
You hit the adder.
You kill the adder!
* * * LOW HITPOINT WARNING * * *
You feel sick. The goblin hits you with a +0 dagger.
* * * LOW HITPOINT WARNING * * *
Your Fighting skill increases to level 4!
Unknown command.
You punch the goblin!
You kill the goblin!
* * * LOW HITPOINT WARNING * * *
You feel sick.
Unknown command.
It was a potion of might.
You feel very mighty all of a sudden.
* * * LOW HITPOINT WARNING * * *
You feel sick.
It was a potion of haste.
You feel yourself speed up.
* * * LOW HITPOINT WARNING * * *
You feel sick.
It was a potion of mutation.
You feel extremely strange.
You feel a strange attunement to the structure of the dungeons.
You feel your magical essence link to the dungeon's wands.
You feel resistant to heat.
Your attunement to dungeon structure grows.
* * * LOW HITPOINT WARNING * * *
You feel sick.
It was a potion of cancellation.
Your magical effects are unravelling.
You feel magically purged.
You feel yourself slow down.
You feel a little less mighty now.
As you read the scroll labelled PEIV YSTURAC, it crumbles to dust.
You hear a loud clanging noise!
It was a scroll of noise.
* * * LOW HITPOINT WARNING * * *
You feel sick.
You hear a shout!
There is a lethal amount of poison in your body!
You die...

################.#
#.## , , .., #.#
#.## * *
##.#######.# #.##
...........# #.##
##.##....########
* #.## ,*
#.##....#.......
,..## ,*
#............... *
#.## ,
#........†#####. ,
, ,
*#.#..#..@.......
, ,
...#..####)######
** ......* *.#* *
, ..#.#* #., ,
..#. * .. , ** ,,,
... * * .... ,* *
, , ** $... * , ,
, * , *


There were no monsters in sight!

Vanquished Creatures
  2 adders (D:2)
  4 ball pythons
  3 endoplasms
  2 giant cockroaches (D:1)
  4 goblins
  5 hobgoblins
  8 bats
  A kobold (D:1)
  5 rats
34 creatures vanquished.

Notes
Turn   | Place    | Note
-------+----------+-------------------------------------------
     0 | D:1      | pkoi the Draconian Monk began the quest for the Orb.
     0 | D:1      | Reached XP level 1. HP: 19/19 MP: 1/1
   585 | D:1      | Reached XP level 2. HP: 20/26 MP: 2/2
  1588 | D:2      | Reached XP level 3. HP: 30/33 MP: 3/3
  1860 | D:2      | Gained mutation: You passively map a small area around you.
                  | [potion of mutation]
  1860 | D:2      | Gained mutation: You expend magic power (3 MP) to
                  | strengthen your wands. [potion of mutation]
  1860 | D:2      | Gained mutation: Your flesh is heat resistant. (rF+)
                  | [potion of mutation]
  1860 | D:2      | Gained mutation: You passively map the area around you.
                  | [potion of mutation]
  1860 | D:2      | HP: 1/33 [poisoned by an adder]
  1863 | D:2      | Succumbed to an adder's poison

Illustrated notes

Levels and vault maps discovered:
D:1:      dpeg_arrival_simpleton_b, layout_basic, st_stairs_10,
          chequers_serial_rivers_room_b, minmay_tromino_mix6
D:2:      layout_loops_ring

Skill      XL: |  1  2  3 |
---------------+----------+-----
Unarmed Combat | 4 |  4.2
Fighting       | 4 |  4.0
Dodging        | |  2.6
Stealth        | |  1.7

Action                   || total
-------------------------++-------
Melee: Unarmed           ||   125
       Tailslap          ||    15
       Punch             ||     1
  Use: Scroll            ||     7
       Potion            ||     4
 Stab: Sleeping          ||     9
Armor: Skin              ||    41
Dodge: Dodged            ||    75
